 Dungeon Crawl Stone Soup version 0.22-a0-322-g60b3cfd (webtiles) character file.

37 b5mith the Grasshopper (level 3, -1/31 HPs)
             Began as a Gnoll Warper on Apr 2, 2018.
             Slain by a centaur (9 damage)
             ... on level 2 of the Dungeon.
             The game lasted 00:03:45 (975 turns).

b5mith the Grasshopper (Gnoll Warper)                Turns: 975, Time: 00:03:45

Health: -1/31      AC:  4    Str: 13    XL:     3   Next: 41%
Magic:  9/9        EV: 14    Int: 16    God:
Gold:   58         SH:  0    Dex: 14    Spells: 7/12 levels left

rFire    . . .     SeeInvis .   a - +0 falchion
rCold    . . .     Gourm    .   (no shield)
rNeg     . . .     Faith    .   b - +0 leather armour
rPois    .         Spirit   .   (no helmet)
rElec    .         Reflect  .   (no cloak)
rCorr    .         Harm     .   k - +0 pair of gloves
MR       .....                  (no boots)
Stlth    +.........             (no amulet)
HPRegen  0.10/turn              (no ring)
MPRegen  0.11/turn              (no ring)

@: no status effects
A: distributed training, fangs 1, strong nose
a: no special abilities


You were on level 2 of the Dungeon.
You were not hungry.

You visited 1 branch of the dungeon, and saw 2 of its levels.

You collected 58 gold pieces.

Inventory:

Hand Weapons
 a - a +0 falchion (weapon)
Missiles
 e - 5 tomahawks of dispersal (quivered)
Armour
 b - a +0 leather armour (worn)
 k - a +0 pair of gloves (worn)
Scrolls
 d - 2 scrolls of blinking
 h - 3 scrolls of identify {unknown}
 j - 2 scrolls of immolation {unknown}
Potions
 c - a potion of lignification {unknown}
 i - 2 potions of resistance {unknown}
Comestibles
 f - 2 rations


   Skills:
 + Level 4.5 Fighting
 + Level 0.7 Short Blades
 + Level 4.5 Long Blades
 + Level 0.7 Axes
 + Level 0.7 Maces & Flails
 + Level 0.7 Polearms
 + Level 0.7 Staves
 + Level 0.7 Slings
 + Level 0.7 Bows
 + Level 0.7 Crossbows
 + Level 2.6 Throwing
 + Level 2.6 Armour
 + Level 4.5 Dodging
 + Level 0.7 Stealth
 + Level 0.7 Shields
 + Level 0.7 Unarmed Combat
 + Level 5.0 Spellcasting
 + Level 0.5 Conjurations
 + Level 0.5 Hexes
 + Level 0.5 Charms
 + Level 0.5 Summonings
 + Level 0.5 Necromancy
 + Level 5.4 Translocations
 + Level 0.5 Transmutations
 + Level 0.5 Fire Magic
 + Level 0.5 Ice Magic
 + Level 0.5 Air Magic
 + Level 0.5 Earth Magic
 + Level 0.5 Poison Magic
 + Level 0.9 Invocations
 + Level 0.7 Evocations


You had 7 spell levels left.
You knew the following spells:

 Your Spells              Type           Power        Failure   Level  Hunger
a - Blink                 Tloc           N/A          3%          2    #......
b - Lesser Beckoning      Tloc           ###.......   6%          3    ###....


Dungeon Overview and Level Annotations

Branches:
Dungeon (2/15)

Altars:


Innate Abilities, Weirdness & Mutations

Your experience applies equally to all skills.
You have very sharp teeth.
Your uncanny sense of smell can sniff out nearby items.


Message History

The centaur is lightly wounded.
You hit the centaur.
The centaur is moderately wounded.
The centaur misses you.
You hit the centaur.
The centaur is heavily wounded.
The centaur misses you.
You riposte.
You hit the centaur. You bite the centaur.
The centaur is severely wounded.
The centaur misses you.
You hit the centaur but do no damage.
The centaur is severely wounded.
The centaur barely misses you. The centaur closely misses you.
You hit the centaur.
The centaur is almost dead.
The centaur hits you.
* * * LOW HITPOINT WARNING * * *
You hit the centaur but do no damage.
The centaur is almost dead.
The centaur closely misses you. The centaur hits you!
You die...

.#.#..##.####.# .#.#..#
(####.## .#.#..# ..##...
∆ .#.#..# #.##..#
.#.#..# #.##(.#
.#.#..###.##..#########
.......................
.#.##.###.##..#(..####
..........##..#.@.#
.................c......
.#.##.#.##.#.....)......
.#.##.#.##....#####.####
##....#.###...# .#
######.# #...# #
∆........# #.......# #..


You could see a centaur.

Vanquished Creatures
  An ooze (D:2)
  A worm (D:2)
  A dart slug (D:1)
  A leopard gecko (D:1)
  2 giant cockroaches (D:1)
  4 hobgoblins (D:1)
  4 jackals (D:1)
  5 bats (D:1)
  2 goblins
  2 kobolds (D:1)
  3 rats (D:1)
26 creatures vanquished.

Notes
Turn   | Place    | Note
-------+----------+-------------------------------------------
     0 | D:1      | b5mith the Gnoll Warper began the quest for the Orb.
     0 | D:1      | Reached XP level 1. HP: 20/20 MP: 6/6
   202 | D:1      | Reached XP level 2. HP: 25/26 MP: 7/7
   552 | D:1      | Reached XP level 3. HP: 27/31 MP: 9/9
   562 | D:1      | Learned a level 2 spell: Blink
   566 | D:1      | Learned a level 3 spell: Lesser Beckoning
   645 | D:1      | Reached skill level 5 in Spellcasting
   960 | D:2      | Noticed a centaur
   975 | D:2      | Slain by a centaur

Vault maps used:
D:1:      giann_bridges
D:2:      lemuel_crystal_altar, uniq_jessica

Skill      XL: |  1  2  3 |
---------------+----------+-----
Spellcasting   | 5 |  5.0
Fighting       | |  4.5
Short Blades   | |  0.7
Long Blades    | |  4.5
Axes           | |  0.7
Maces & Flails | |  0.7
Polearms       | |  0.7
Staves         | |  0.7
Slings         | |  0.7
Bows           | |  0.7
Crossbows      | |  0.7
Throwing       | |  2.6
Armour         | |  2.6
Dodging        | |  4.5
Stealth        | |  0.7
Shields        | |  0.7
Unarmed Combat | |  0.7
Conjurations   | |  0.5
Hexes          | |  0.5
Charms         | |  0.5
Summonings     | |  0.5
Necromancy     | |  0.5
Translocations | |  5.4
Transmutations | |  0.5
Fire Magic     | |  0.5
Ice Magic      | |  0.5
Air Magic      | |  0.5
Earth Magic    | |  0.5
Poison Magic   | |  0.5
Invocations    | |  0.9
Evocations     | |  0.7

Action                   || total
-------------------------++-------
Melee: Falchion          ||    90
       Bite              ||    10
 Stab: Sleeping          ||     2
Armor: Leather armour    ||    27
Dodge: Dodged            ||   106
       Rpst.: Falchion   ||    27

Table legend:
 A = Spawn XP
 B = Non-spawn XP
 C = Spawn XP percentage of total XP
 D = Spawn monster count
 E = Non-spawn monster count
 F = Spawn count percentage of total count
 G = Total turns spent on level
                    A         B        C        D         E        F      G
               +---------+---------+-------+---------+---------+-------+---------
         Total |       0 |      54 |   0.0 |       0 |      26 |   0.0 |   975
               +---------+---------+-------+---------+---------+-------+---------
           D:1 |       0 |      40 |   0.0 |       0 |      23 |   0.0 |   824
           D:2 |       0 |      14 |   0.0 |       0 |       3 |   0.0 |   151
               +---------+---------+-------+---------+---------+-------+---------
